 Dungeon Crawl Stone Soup version 0.30-a0-691-g754fce4c43 (webtiles) character file.

Game seed: 3178300072856501617

510 funkygono the Firebug (level 6, -5/3 (41) HPs)
             Began as a Demonspawn Fire Elementalist on Jan 19, 2023.
             Slain by an iguana (8 damage)
             ... on level 3 of the Dungeon.
             The game lasted 00:04:39 (3250 turns).

funkygono the Firebug (DsFE)                        Turns: 3250, Time: 00:04:39

HP:   -5/3 (41)     AC:  6    Str:  8    XL:     6   Next: 98%
MP:   9/12          EV: 12    Int: 19    God:
Gold: 114           SH:  0    Dex: 13    Spells: 2/13 levels left

rFire   . . .      SeeInvis .    i - +0 falchion
rCold   . . .      Faith    .    (no shield)
rNeg    . . .      Spirit   .    a - +0 robe
rPois   .          Reflect  .    c - +2 helmet
rElec   .          Harm     .    (no cloak)
rCorr   .          Rampage  .    l - +0 pair of gloves
Will    .....                    (no boots)
Stlth   ++                       (no amulet)
HPRegen 0.20/turn                p - ring of wizardry
MPRegen 0.13/turn                (no ring)

@: extremely drained
A: demonic guardian 1, spiny 1, weakness stinger 1
a: no special abilities


You were on level 3 of the Dungeon.
You visited 1 branch of the dungeon, and saw 3 of its levels.

You collected 114 gold pieces.

Inventory:

Hand Weapons
 d - a +0 short sword
 i - a +0 falchion (weapon)
Armour
 a - a +0 robe (worn)
 c - a +2 helmet (worn)
 l - a +0 pair of gloves (worn)
Jewellery
 p - a ring of wizardry (left hand)
 r - an amulet of guardian spirit
Wands
 q - a wand of flame (13)
Scrolls
 g - a scroll of noise {unknown}
 h - 2 scrolls of teleportation {unknown}
 j - 3 scrolls of identify {unknown}
 n - a scroll of enchant weapon {unknown}
 o - 2 scrolls of enchant armour {unknown}
Potions
 b - a potion of magic
 e - 6 potions of curing {unknown}
 f - 2 potions of degeneration {unknown}
 k - a potion of haste {unknown}
 m - 2 potions of berserk rage {unknown}
 s - a potion of invisibility {unknown}
 t - a potion of resistance {unknown}


   Skills:
 + Level 0.1 Fighting
 + Level 2.5 Dodging
 - Level 1.7 Stealth
 + Level 4.2 Spellcasting
 + Level 3.0 Conjurations
 + Level 1.5 Necromancy
 + Level 4.9 Fire Magic


You had 2 spell levels left.
You knew the following spells:

 Your Spells              Type           Power      Damage    Failure   Level
a - Foxfire               Conj/Fire      76%        2x1d7     1%          1
b - Scorch                Fire           44%        2d7       1%          2
c - Kindle Blastsparks    Fire/Tloc/Air  20%        2d11      9%          3
d - Flame Wave            Conj/Fire      19%        2d7       11%         4
e - Kiss of Death         Conj/Necr      48%        2d9       2%          1

Your spell library contained the following spells:

 Spells                   Type           Power      Damage    Failure   Level
 Sublimation of Blood     Necr           9%         N/A       4%          2
 Wereblood                Tmut           4%         N/A       9%          2
 Inner Flame              Hex/Fire       13%        N/A       6%          3
 Confusing Touch          Hex            4%         N/A       16%         3
 Dispel Undead            Necr           9%         3d8       26%         4
 Summon Hydra             Summ           2%         N/A       100%        7


Dungeon Overview and Level Annotations

Branches:
Dungeon (3/15)

Altars:


Innate Abilities, Weirdness & Mutations

A weak demonic guardian rushes to your aid.
You are partially covered in sharp spines.
You have a small tail.


Message History

Unknown command.
Unknown command.
You see here a +0 chain mail.
Found a chain mail.
A bat comes into view.
You see here a scroll labelled IDIAMN KUTUMI.
Casting: Foxfire (safe; 1% risk of failure)
Confirm with . or Enter, or press ? or * to list all spells.
You conjure some foxfire!
The foxfire hits the bat.
You kill the bat!
j - 3 scrolls labelled IDIAMN KUTUMI (gained 1)
Found a stone staircase leading up.
Found 6 poisoned darts.
Found a hand axe.
You see here a +0 hand axe.
An iguana comes into view.
Casting: Foxfire (safe; 1% risk of failure)
Confirm with . or Enter, or press ? or * to list all spells.
You conjure some foxfire!
The foxfire hits the iguana but does no damage.
The iguana hisses angrily.
Your foxfire dissipates!
Casting: Foxfire (safe; 1% risk of failure)
Confirm with . or Enter, or press ? or * to list all spells.
You conjure some foxfire!
The foxfire hits the iguana.
The iguana is lightly wounded.
The foxfire hits the iguana.
The iguana is lightly wounded.
Casting: Foxfire (safe; 1% risk of failure)
Confirm with . or Enter, or press ? or * to list all spells.
Aiming: Kiss of Death (safe; 2% risk of failure)
Press: ? - help, Shift-Dir - straight line, f - iguana
Aim: an iguana (lightly wounded, 100% to hit)
The negative energy hits the iguana!
The iguana is drained!
The iguana is almost dead.
You feel drained. The iguana bites you!
Ouch! That really hurt!
You die...

.......#..#
.......#####..#.#..#
......#...#....#..#
.....#.#.#..#.†..##.#
....#.#.#....†..##.#
...#........#..##.#
..#...........##.#
######+##l#.#.........##.#
........§@#.###.########.#
######..###.....# #.#
#...........##### ####.#
+.#####...†.# #.# #.....
######..#[###.#####.##.#
+....)..#...........##.#
#######.#.###.#.###.##.#
#............#.##..
#..#####.#.#.#.##..


You could see an iguana (very drained).

Vanquished Creatures
  Sigmund (D:2)
  An ogre (D:2)
  2 scorpions (D:3)
  3 gnolls
  2 adders
  A worm (D:2)
  3 dart slugs
  3 orcs
  5 endoplasms
  3 giant cockroaches
  5 goblins
  4 hobgoblins
  16 jackals
  5 kobolds
  4 quokkas
  5 ball pythons
  6 bats
  3 frilled lizards
  7 rats
79 creatures vanquished.

Vanquished Creatures (collateral kills)
  A gnoll (D:2)
1 creature vanquished.

Vanquished Creatures (others)
  203 foxfires
203 creatures vanquished.

Grand Total: 283 creatures vanquished

Notes
Turn   | Place    | Note
-------+----------+-------------------------------------------
     0 | D:1      | funkygono the Demonspawn Fire Elementalist began the quest
                  | for the Orb.
     0 | D:1      | Reached XP level 1. HP: 13/13 MP: 3/3
   125 | D:1      | Gained mutation: You are partially covered in sharp spines.
                  | [demonic ancestry]
   125 | D:1      | Reached XP level 2. HP: 19/19 MP: 1/5
   130 | D:1      | Learned a level 2 spell: Scorch
   505 | D:1      | Reached XP level 3. HP: 24/24 MP: 0/6
   509 | D:1      | Learned a level 3 spell: Kindle Blastsparks
  1304 | D:2      | Noticed an ogre
  1310 | D:2      | Killed an ogre
  1311 | D:2      | Gained mutation: You have a small tail. [demonic ancestry]
  1311 | D:2      | Reached XP level 4. HP: 30/30 MP: 0/8
  1311 | D:2      | Gained mutation: A weak demonic guardian rushes to your
                  | aid. [demonic ancestry]
  1311 | D:2      | Reached XP level 5. HP: 35/35 MP: 0/9
  2353 | D:2      | Noticed Sigmund
  2358 | D:2      | Killed Sigmund
  2359 | D:2      | Reached XP level 6. HP: 41/41 MP: 4/11
  2424 | D:2      | Learned a level 4 spell: Flame Wave
  2426 | D:2      | Learned a level 1 spell: Kiss of Death
  3060 | D:3      | Reached skill level 1 in Necromancy
  3250 | D:3      | Slain by an iguana

Illustrated notes

Levels and vault maps discovered:
D:1:      psy_arrival_basics, layout_basic
D:2:      layout_basic, minmay_misc_feat_chi, grunt_ministairs_6,
          minmay_misc_feat_enclosed, uniq_sigmund
D:3:      layout_basic, mainiacjoe_overflow_concentric_impassable,
          grunt_ministairs_13, dreamdust_princess_bridge,
          chequers_decorated_corner

Skill      XL: |  1  2  3  4  5  6 |
---------------+-------------------+-----
Dodging        | 2 |  2.5
Fire Magic     | 3 4 |  4.9
Spellcasting   | 3 4 |  4.2
Conjurations   | 2 3 |  3.0
Necromancy     | 1 |  1.5
Fighting       | |  0.1
Stealth        | |  1.7

Action                   |  1- 3 |  4- 6 || total
-------------------------+-------+-------++-------
Melee: Short sword       |     6 |       ||     6
       Falchion          |     3 |     3 ||     6
 Cast: Foxfire           |    51 |    66 ||   117
       Scorch            |     6 |     8 ||    14
       Kiss of Death     |       |     9 ||     9
Armor: Robe              |     9 |     3 ||    12
Dodge: Dodged            |    27 |     1 ||    28

Table legend: (Time is in decaauts)
 A = Elapsed time spent in this place.
 B = Non-inter-level travel time spent in this place.
 C = Inter-level travel time spent in this place.
 D = Time resting spent in this place.
 E = Time spent auto-exploring this place.
 F = Levels seen in this place.
 G = Mean time per level.
                   A        B        C        D        E       F      G
               +--------+--------+--------+--------+--------+-----+--------+
         Total |   3250 |   3194 |     56 |      0 |   2753 |   3 | 1083.3 |
       Dungeon |   3250 |   3194 |     56 |      0 |   2753 |   3 | 1083.3 |
               +--------+--------+--------+--------+--------+-----+--------+

Top non-repeatable levels by time:
     D:2: 1596 daAuts
     D:1: 1244 daAuts
     D:3: 409 daAuts
